 Dungeon Crawl Stone Soup version 0.23-a0-494-g91793a9 (webtiles) character file.

3475 zishaf the Nimble (level 9, -5/39 HPs)
             Began as a Spriggan Enchanter on Dec 4, 2018.
             Was an Initiate of Gozag.
             Killed from afar by an orc wizard (8 damage)
             ... with a magic dart
             ... on level 8 of the Dungeon.
             The game lasted 00:21:47 (7573 turns).

zishaf the Nimble (Spriggan Enchanter)              Turns: 7573, Time: 00:21:48

Health: -5/39      AC:  5    Str:  4    XL:     9   Next: 79%
Magic:  9/18       EV: 25    Int: 19    God:    Gozag
Gold:   1263       SH:  0    Dex: 17    Spells: 8/19 levels left

rFire    . . .     SeeInvis +   u - +1 dagger (speed)
rCold    . . .     Gourm    .   (shield restricted)
rNeg     . . .     Faith    .   I - +1 robe {Archmagi}
rPois    .         Spirit   .   A - +1 hat
rElec    .         Reflect  .   w - +0 cloak
rCorr    .         Harm     .   (gloves unavailable)
MR       +....                  (boots unavailable)
Stlth    ++++......             (no amulet)
HPRegen  0.13/turn              (no ring)
MPRegen  0.16/turn              (no ring)

@: very quick
A: very small, unfitting armour, see invisible, herbivore, speed 3, slow
metabolism 2
a: Potion Petition, Call Merchant, Bribe Branch, Renounce Religion


You were on level 8 of the Dungeon.
You worshipped Gozag.
Gozag was most pleased with you.
You were very hungry.

You visited 2 branches of the dungeon, and saw 9 of its levels.
You also visited: Ossuary.

You collected 1352 gold pieces.
You paid 89 gold pieces to Gozag.

Inventory:

Hand Weapons
 a - a +1 dagger
 u - a +1 dagger of speed (weapon)
Missiles
 r - 26 poisoned needles
Armour
 w - a +0 cloak (worn)
 A - a +1 hat (worn)
 I - a +1 robe of the Archmagi (worn)
Jewellery
 J - an uncursed ring of see invisible
Wands
 y - a wand of paralysis (9)
 C - a wand of digging (3)
 F - a wand of polymorph (11)
 H - a wand of acid (9)
Scrolls
 c - a scroll of random uselessness {unknown}
 e - 4 scrolls of enchant weapon {unknown}
 g - 4 scrolls of amnesia {unknown}
 h - 11 scrolls of identify {unknown}
 j - 4 scrolls of magic mapping {unknown}
 k - a scroll of fog {unknown}
 l - 2 scrolls of immolation {unknown}
 o - a scroll of teleportation {unknown}
 q - 2 scrolls of blinking {unknown}
 t - 3 scrolls of enchant armour {unknown}
 z - 3 scrolls of fear {unknown}
 B - 2 scrolls of remove curse {unknown}
Potions
 b - a potion of brilliance {unknown}
 f - 5 potions of heal wounds {unknown}
 i - 4 potions of haste {unknown}
 m - 6 potions of curing {unknown}
 n - 3 potions of invisibility {unknown}
 p - a potion of mutation {unknown}
 s - 2 potions of magic {unknown}
 v - 5 potions of lignification {unknown}
 x - a potion of flight {unknown}
 D - a potion of might {unknown}
 E - 5 potions of degeneration {unknown}
 G - a potion of berserk rage {unknown}
Comestibles
 d - 6 rations


   Skills:
 - Level 4.0 Short Blades
 + Level 9.1 Dodging
 - Level 9.0 Stealth
 + Level 5.9 Spellcasting
 + Level 8.1 Hexes
 - Level 7.0 Transmutations
 + Level 4.7 Ice Magic


You had 8 spell levels left.
You knew the following spells:

 Your Spells              Type           Power        Failure   Level  Hunger
a - Ensorcelled Hibernat  Hex/Ice        #####.       1%          2    None
b - Corona                Hex            ######.      1%          1    None
c - Confuse               Hex            ######..     1%          3    ##.....
d - Yara's Violent Unrav  Hex/Tmut       ######....   14%         5    #####..

Your spell library contained the following spells:

 Spells                   Type           Power        Failure   Level  Hunger
 Confusing Touch          Hex            ######       1%          1    None
 Tukima's Dance           Hex            ######..     1%          3    ##.....
 Dazzling Spray           Conj/Hex       ####..       6%          3    ##.....
 Spectral Weapon          Hex/Chrm       ####....     6%          3    ##.....
 Infusion                 Chrm           #...         12%         1    None
 Shroud of Golubria       Chrm/Tloc      #.........   17%         2    None
 Song of Slaying          Chrm           #.......     17%         2    None
 Metabolic Englaciation   Hex/Ice        #####.....   22%         5    #####..
 Petrify                  Tmut/Erth      ####....     26%         4    ####...
 Gell's Gravitas          Tloc           #.........   34%         3    ##.....
 Regeneration             Chrm/Necr      #.........   34%         3    ##.....
 Malign Gateway           Summ/Tloc      #.........   100%        7    #######
 Monstrous Menagerie      Summ           #.........   100%        7    #######
 Summon Greater Demon     Summ           #.........   100%        7    #######
 Summon Horrible Things   Summ           #.........   100%        8    #######


Dungeon Overview and Level Annotations

Branches:
Dungeon (8/15)             Temple (1/1) D:4
   Lair: D:8-11

Altars:
Ashenzari
Cheibriados
Dithmenos
Elyvilon
Fedhas
Gozag
Hepliaklqana
Kikubaaqudgha
Nemelex Xobeh
Okawaru
Qazlal
Ru
Sif Muna
Trog
Uskayaw
Vehumet
Wu Jian
Xom
Yredelemnul
Zin
The Shining One

Shops:
D:4 %


Innate Abilities, Weirdness & Mutations

You are very small and have problems with some larger weapons.
You are too small for most types of armour.
You have supernaturally acute eyesight. (SInv)
You are a herbivore.
You cover ground extremely quickly.
You need to consume almost no food.


Message History

The magic dart hits you!
* * * LOW HITPOINT WARNING * * *
The orc wizard barely misses you.
You closely miss the orc wizard.
The orc wizard is severely wounded.
The orc wizard points at you and mumbles some strange words.
The magic dart hits you!
* * * LOW HITPOINT WARNING * * *
You closely miss the orc wizard.
The orc wizard is severely wounded.
The orc wizard closely misses you.
The orc wizard mumbles some strange words.
The orc wizard blinks!
The orc wizard hits you but does no damage.
The orc wizard gestures wildly while chanting.
The orc wizard blinks!
The orc wizard casts a spell at you. The magic dart hits you!
You die...
Your body crumbles into a pile of gold.

#.# #.# #
#.# ###.#
#. #.#
#...# ..
#.# #.###
#. #.# #.#
##.##.##.#
#.#
...o.o.oh#
#o#
##.##.##o#
#.# #. #.#
#@# ..
#.######.#
#.
#.o.o.o.ยง#
..
##########
#


You could see an orc wizard.

Vanquished Creatures
  A two-headed ogre (D:8)
  Pikel (D:7)
  A sky beast (D:7)
  2 ice beasts
  3 slaves (D:7)
  3 ogres
  A phantom (D:5)
  A centaur (D:7)
  3 bullfrogs
  A water moccasin zombie (D:6)
  5 scorpions
  A water moccasin skeleton (D:7)
  A wight (D:7)
  A bullfrog zombie (D:7)
  A crimson imp (D:6)
  2 centaur zombies (Ossuary)
  4 hounds
  A human zombie (Ossuary)
  3 orc priests
  A jelly (D:5)
  Natasha (thrice) (D:2)
  4 orc wizards
  4 worker ants
  A big kobold zombie (Ossuary)
  3 ogre zombies (Ossuary)
  2 hound zombies (D:7)
  7 mummies (Ossuary)
  7 gnolls
  A howler monkey skeleton (D:4)
  6 adders
  A shadow imp (D:3)
  2 oozes
  4 adder zombies (Ossuary)
  2 worms
  A dart slug (D:1)
  4 leopard geckos
  22 orcs
  14 bats
  2 giant cockroaches
  6 goblins
  9 hobgoblins
  5 quokkas
  3 ball pythons (D:1)
  3 frilled lizards
  5 goblin zombies (Ossuary)
  6 hobgoblin zombies (Ossuary)
  3 kobolds
  3 kobold zombies (Ossuary)
  3 quokka zombies
  A rat (D:2)
  3 rat zombies (Ossuary)
  A fungus (D:8)
178 creatures vanquished.

Vanquished Creatures (others)
  A fungus (D:8)
1 creature vanquished.

Grand Total: 179 creatures vanquished

Notes
Turn   | Place    | Note
-------+----------+-------------------------------------------
     0 | D:1      | zishaf the Spriggan Enchanter began the quest for the Orb.
     0 | D:1      | Reached XP level 1. HP: 9/9 MP: 5/5
   122 | D:1      | Reached XP level 2. HP: 6/13 MP: 4/6
   132 | D:1      | Learned a level 2 spell: Ensorcelled Hibernation
   167 | D:1      | Found an iron altar of Okawaru.
   798 | D:2      | Noticed Natasha
   805 | D:2      | Killed Natasha
   805 | D:2      | Reached skill level 5 in Stealth
   805 | D:2      | Reached XP level 3. HP: 16/16 MP: 8/8
   878 | D:2      | Found a basalt altar of Yredelemnul.
   882 | D:2      | Noticed Natasha
   885 | D:2      | Killed Natasha
   885 | D:2      | Reached XP level 4. HP: 21/21 MP: 2/9
   891 | D:2      | Noticed Natasha
   898 | D:2      | Found a sacrificial altar of Ru.
  1068 | D:2      | Killed Natasha
  1068 | D:2      | Reached skill level 1 in Ice Magic
  1314 | D:2      | Found a glowing silver altar of Zin.
  1710 | D:3      | Reached XP level 5. HP: 24/24 MP: 7/10
  1717 | D:3      | Found a stormy altar of Qazlal.
  1735 | D:3      | Noticed a fire elemental
  1862 | D:3      | Noticed a water elemental
  1878 | D:3      | Noticed an air elemental
  1895 | D:4      | Found a staircase to the Ecumenical Temple.
  2005 | D:2      | Learned a level 3 spell: Confuse
  2146 | Temple   | Entered the Ecumenical Temple
  2296 | Temple   | Became a worshipper of Gozag Ym Sagoz the Greedy
  2678 | D:4      | Found Bomodgh's Food Shoppe.
  2683 | D:4      | Noticed an ogre
  2690 | D:4      | Killed an ogre
  2690 | D:4      | Reached skill level 5 in Dodging
  2690 | D:4      | Reached skill level 5 in Hexes
  2690 | D:4      | Reached XP level 6. HP: 26/28 MP: 6/11
  3080 | D:5      | Entered Level 5 of the Dungeon
  3120 | D:5      | Found a blossoming altar of Fedhas.
  3299 | D:5      | Reached XP level 7. HP: 28/32 MP: 9/12
  3545 | D:5      | Learned a level 5 spell: Yara's Violent Unravelling
  3693 | D:6      | Found a sand-covered staircase.
  3707 | Ossuary  | Entered an ossuary
  3936 | Ossuary  | Reached skill level 1 in Transmutations
  5364 | D:6      | Reached XP level 8. HP: 36/36 MP: 10/13
  5866 | D:6      | Found a bloodstained altar of Trog.
  6022 | D:7      | Reached skill level 5 in Transmutations
  6094 | D:7      | Noticed Pikel
  6235 | D:7      | Killed Pikel
  6235 | D:7      | Reached XP level 9. HP: 39/39 MP: 0/16
  6557 | D:7      | Found a shadowy altar of Dithmenos.
  7357 | D:8      | Reached skill level 5 in Spellcasting
  7475 | D:8      | Noticed a two-headed ogre
  7493 | D:8      | Killed a two-headed ogre
  7573 | D:8      | Killed from afar by an orc wizard

Vault maps used:
D:1:      saegor_arrival_simple_b, serial_bayou_pond_e,
          minmay_tree_intersection, okawaru_ov_weapons_minmay
D:2:      zin_treasury, grunt_temple_overflow_open, first_ration,
          minmay_between, uniq_natasha
D:3:      nicolae_qazlal_style_of_elements
D:4:      temple_fountains, serial_shops,
          nicolae_shop_temple_entry_statues_fountains,
          chequers_serial_rivers_room_a
D:5:      fountainhead, minmay_misc_feat_tiny, fedhas_altar_2
D:6:      lightli_temple_of_fire, enter_ossuary_1
D:7:      nicolae_dithmenos_the_darkroom, uniq_pikel
D:8:      old_forge
Temple:   regret_index_temple_sphere_string
Ossuary:  ossuary_boxes_badplayer

Skill      XL: |  1  2  3  4  5  6  7  8  9 |
---------------+----------------------------+-----
Hexes          | 4 5 6 8 |  8.1
Short Blades   | 2 3 4 |  4.0
Stealth        | 5 6 7 8 9 |  9.0
Dodging        | 4 5 6 7 9 |  9.1
Ice Magic      | 1 2 3 4 |  4.7
Transmutations | 3 6 7 |  7.0
Spellcasting   | 4 5 |  5.9

Action                   |  1- 3 |  4- 6 |  7- 9 || total
-------------------------+-------+-------+-------++-------
Melee: Dagger            |    56 |   130 |   420 ||   606
 Cast: Corona            |     5 |       |       ||     5
       Ensorcelled Hiber |     6 |    41 |    73 ||   120
       Confuse           |       |     3 |    49 ||    52
 Stab: Sleeping          |    17 |    35 |    66 ||   118
       Confused          |       |     3 |    33 ||    36
       Distracted        |       |       |     1 ||     1
  Eat: Ration            |       |     1 |     6 ||     7
Armor: Robe              |    13 |    13 |    27 ||    53
Dodge: Dodged            |    70 |    91 |   193 ||   354

Table legend:
 A = Non-vault XP
 B = Vault XP
 C = Vault XP percentage of total XP
 D = Non-vault monster count
 E = Vault monster count
 F = Vault count percentage of total count
                 A         B        C        D         E       F
            +---------+---------+-------+---------+---------+-------
      Total |    3674 |    1291 |  26.0 |     118 |      56 |  32.2
            +---------+---------+-------+---------+---------+-------
        D:1 |      32 |       0 |   0.0 |      18 |       0 |   0.0
        D:2 |     104 |      47 |  31.1 |      12 |       7 |  36.8
        D:3 |      36 |       0 |   0.0 |      12 |       0 |   0.0
        D:4 |     275 |       0 |   0.0 |      15 |       0 |   0.0
        D:5 |     371 |       0 |   0.0 |       6 |       0 |   0.0
        D:6 |     633 |       0 |   0.0 |      24 |       0 |   0.0
        D:7 |    1010 |     607 |  37.5 |      26 |       1 |   3.7
        D:8 |    1213 |     241 |  16.6 |       5 |      11 |  68.8
    Ossuary |       0 |     396 | 100.0 |       0 |      37 | 100.0
            +---------+---------+-------+---------+---------+-------
